 Dungeon Crawl Stone Soup version 0.20.0-15-g7f486f2 (webtiles) character file.

837 Hook the Charmwright (level 7, -2/57 HPs)
             Began as a Centaur Skald on June 26, 2017.
             Slain by a gnoll sergeant
             ... wielding a +0 trident of flaming
              (6 damage)
             ... on level 5 of the Dungeon.
             The game lasted 00:18:17 (6407 turns).

Hook the Charmwright (Centaur Skald)                Turns: 6407, Time: 00:18:18

Health: -2/57      AC: 10    Str: 15    XL:     7   Next: 66%
Magic:  7/11       EV:  8    Int: 12    God:
Gold:   39         SH:  0    Dex:  9    Spells: 5/11 levels left

rFire    . . .     SeeInvis .   A - +2 halberd (flame)
rCold    + . .     Gourm    .   (shield currently unavailable)
rNeg     . . .     Faith    .   b - +0 leather armour
rPois    .         Spirit   .   (no helmet)
rElec    .         Reflect  .   (no cloak)
rCorr    .         Harm     .   e - +0 pair of gloves
MR       .....                  f - +0 centaur barding
Stlth    ..........             w - amulet of magic regeneration
Regen    0.2/turn               g - ring of wizardry
MPRegen  0.2/turn               r - ring of protection from cold

@: singing (expiring), very slightly contaminated, very quick
A: hooves 3, deformed body, speed 2, tough skin 3
a: no special abilities


You were on level 5 of the Dungeon.
You were not hungry.

You visited 1 branch of the dungeon, and saw 5 of its levels.

You collected 235 gold pieces.
You spent 196 gold pieces at shops.

Inventory:

Hand Weapons
 a - a +0 spear
 A - a +2 halberd of flaming (weapon)
Missiles
 o - 10 tomahawks (quivered)
Armour
 b - a +0 leather armour (worn)
 e - a +0 pair of gloves (worn)
 f - a +0 centaur barding (worn)
Jewellery
 g - a ring of wizardry (left hand)
 r - a ring of protection from cold (right hand)
 s - an uncursed ring of protection from cold
 w - an amulet of magic regeneration (around neck)
Wands
 u - a wand of disintegration (18/24)
Scrolls
 h - a scroll of identify
 j - 2 scrolls of amnesia
 m - 2 scrolls of fog
 v - a scroll of remove curse
 x - a scroll of magic mapping {unknown}
Potions
 i - 3 potions of curing {unknown}
 k - 3 potions of mutation {unknown}
 n - a potion of might {unknown}
 p - a potion of heal wounds {unknown}
 q - a potion of magic {unknown}
 z - a potion of lignification {unknown}
Books
 c - a book of Battle

   Spells                             Type                      Level
   a - Infusion                       Charms                       1
   b - Shroud of Golubria             Charms/Translocation         2
   c - Song of Slaying                Charms                       2
   d - Spectral Weapon                Hexes/Charms                 3
   e - Regeneration                   Charms/Necromancy            3
 t - a book of Callings

   Spells                             Type                      Level
   a - Summon Small Mammal            Summoning                    1
   b - Call Imp                       Summoning                    2
   c - Call Canine Familiar           Summoning                    3
   d - Summon Guardian Golem          Hexes/Summoning              3
   e - Summon Lightning Spire         Summoning/Air                4
   f - Summon Ice Beast               Ice/Summoning                4
Comestibles
 d - a bread ration
 l - 4 fruits


   Skills:
 * Level 3.5 Fighting
 + Level 3.8 Polearms
 + Level 0.7 Throwing
 * Level 2.2 Armour
 * Level 2.8 Dodging
 + Level 0.1 Stealth
 + Level 2.9 Spellcasting
 * Level 4.1 Charms
 * Level 2.0 Necromancy


You had 5 spell levels left.
You knew the following spells:

 Your Spells              Type           Power        Failure   Level  Hunger
a - Infusion              Chrm           ##..         2%          1    #......
b - Song of Slaying       Chrm           ##......     3%          2    ###....
c - Regeneration          Chrm/Necr      #.........   11%         3    ###....


Dungeon Overview and Level Annotations

Branches:
Dungeon (5/15)
 Temple: D:4-7

Altars:
Cheibriados
Gozag
Kikubaaqudgha
Ru
Vehumet

Shops:
D:4 (%


Innate Abilities, Weirdness & Mutations

You have hooves in place of feet.
Armour fits poorly on your strangely shaped body.
You cover ground very quickly.
You have extremely tough skin. (AC +3)


Message History

You hit the gnoll sergeant but do no damage.
The gnoll sergeant is severely wounded.
The gnoll sergeant hits you with a trident of flaming.
The gnoll sergeant burns you.
The gnoll sergeant hits you with a trident of flaming!
* * * LOW HITPOINT WARNING * * *
The gnoll sergeant burns you.
* * * LOW HITPOINT WARNING * * *
Okay, then.
The gnoll throws a stone.
The stone hits you but does no damage.
You see here 5 stones.
Your song is almost over.
Casting: Song of Slaying
Confirm with . or Enter, or press ? or * to list all spells.
You miscast Regeneration.
You are very lightly contaminated with residual magic.
Nothing appears to happen.
The gnoll throws a stone.
The stone hits you.
* * * LOW HITPOINT WARNING * * *
The gnoll sergeant hits you from afar with a trident of flaming.
You die...

####)#### ##+## #g#
........# #.# #.#
.###.##.# #.# #.#
#.##.# ##.## ### #.#
#.##.###...## ##.## #.#
#...........###...###.#
####.###...###.....##.#
#.##...###.........#
..###.....@(g...####
#### ########.g.##
##.## ###


You could see a gnoll sergeant and a gnoll.

Vanquished Creatures
  Menkaure (D:5)
  3 ogres
  3 orc priests
  A jelly (D:5)
  Jessica (D:2)
  An iguana (D:4)
  2 orc wizards (D:4)
  A worker ant (D:4)
  2 hound zombies (D:5)
  7 adders
  An adder skeleton (D:4)
  2 worms
  2 dart slugs (D:2)
  4 leopard geckos
  16 orcs
  2 ball pythons
  9 bats
  7 giant cockroaches
  8 hobgoblins
  8 jackals
  5 kobolds
  A quokka (D:4)
  4 frilled lizards
  7 goblins
  A quokka skeleton (D:4)
  11 rats
110 creatures vanquished.

Notes
Turn   | Place    | Note
-------+----------+-------------------------------------------
     0 | D:1      | Hook the Centaur Skald began the quest for the Orb.
     0 | D:1      | Reached XP level 1. HP: 17/17 MP: 3/3
   108 | D:1      | Reached skill level 3 in Charms
   141 | D:1      | Reached XP level 2. HP: 20/24 MP: 1/4
   360 | D:1      | Learned a level 2 spell: Song of Slaying
   638 | D:1      | Reached skill level 1 in Armour
   762 | D:2      | Reached XP level 3. HP: 24/30 MP: 5/5
   915 | D:2      | Noticed Jessica
   916 | D:2      | Found a sacrificial altar of Ru.
   922 | D:2      | Killed Jessica
  1127 | D:2      | Found a snail-covered altar of Cheibriados.
  1144 | D:2      | Reached XP level 4. HP: 23/37 MP: 3/6
  1932 | D:2      | Learned a level 3 spell: Regeneration
  2555 | D:3      | Reached XP level 5. HP: 44/44 MP: 0/8
  2859 | D:3      | Found a radiant altar of Vehumet.
  4278 | D:4      | Reached XP level 6. HP: 18/51 MP: 2/9
  4569 | D:4      | Found Nefemequahy's Food Boutique.
  4590 | D:4      | Found Dosode Bogyk's Weapon Shop.
  4683 | D:4      | Reached skill level 1 in Necromancy
  5069 | D:4      | Reached XP level 7. HP: 13/57 MP: 0/10
  5500 | D:4      | Found Toguck Tuku's Antique Weapon Shoppe.
  5845 | D:4      | Bought a glowing halberd for 196 gold pieces
  5862 | D:5      | Entered Level 5 of the Dungeon
  5924 | D:5      | Noticed Menkaure
  5931 | D:5      | Killed Menkaure
  5931 | D:5      | Reached skill level 4 in Charms
  6245 | D:5      | Found an opulent altar of Gozag.
  6245 | D:5      | Found an ancient bone altar of Kikubaaqudgha.
  6407 | D:5      | Slain by a gnoll sergeant

Skill      XL: |  1  2  3  4  5  6  7 |
---------------+----------------------+-----
Charms         | 3 4 |  4.1
Polearms       | 2 3 |  3.8
Armour         | 1 2 |  2.2
Spellcasting   | 2 |  2.9
Dodging        | 2 |  2.8
Fighting       | 3 |  3.5
Necromancy     | 1 2 |  2.0
Throwing       | |  0.7
Stealth        | |  0.1

Action                   |  1- 3 |  4- 6 |  7- 9 || total
-------------------------+-------+-------+-------++-------
Melee: Spear             |   123 |   246 |    16 ||   385
       Kick              |    10 |    25 |    14 ||    49
       Halberd           |       |       |    45 ||    45
Throw: Tomahawk          |       |     6 |     1 ||     7
 Cast: Infusion          |     5 |    28 |     8 ||    41
       Song of Slaying   |     2 |     5 |     2 ||     9
       Regeneration      |       |     6 |     2 ||     8
  Use: Scroll            |     1 |     4 |     6 ||    11
  Eat: Chunk             |     1 |     3 |       ||     4
       Bread ration      |       |     1 |     1 ||     2
       Fruit             |       |     1 |       ||     1
       Meat ration       |       |     1 |       ||     1
Armor: Leather armour    |    23 |    74 |    28 ||   125
Dodge: Dodged            |    48 |    77 |    18 ||   143
